 Dungeon Sprint DCSS version 0.31-a0-486-g8d68a81214 (webtiles) character file.

Game seed: 13483896919496579750

5383 rocky1 the Brawler (level 10, -7/63 HPs)
             Began as an Octopode Shapeshifter on Aug 8, 2023.
             Was an Initiate of Gozag.
             Mangled by a catoblepas (14 damage)
             ... while petrified by a catoblepas
             ... in the Dungeon (Sprint IX: "|||||||||||||||||||||||||||||").
             The game lasted 00:03:43 (1470 turns).

rocky1 the Brawler (Octopode Shapeshifter)          Turns: 1470, Time: 00:03:43

Health: -7/63      AC:  3    Str: 17    XL:     10   Next: 66%
Magic:  10/10      EV:  2    Int: 16    God:    Gozag
Gold:   1764       SH:  0    Dex: 12    Spells: 9/9 levels left

rFire   . .          .
                       - Unarmed
rCold   . . .        (no shield)
rNeg    + + +        (helmet currently unavailable)
rPois   ∞            (no amulet)
rElec   .            l - +2 ring of protection
rCorr   .            m - +3 ring of strength
SInv    .            (no ring)
Will    .....        (no ring)
Stlth   +++          (no ring)
HPRegen 0.30/turn    (no ring)
MPRegen 0.12/turn    (no ring)
                     (no ring)

%: no teleportation
@: beast-form, petrified
A: beast (slay +7), almost no armour, amphibious, 8 rings, camouflage 1,
gelatinous body 1, (nimble swimmer 1), tentacles
a: Begin Untransformation, Renounce Religion, Potion Petition, Call Merchant,
Bribe Branch


You were in the Dungeon.
You worshipped Gozag.
Gozag was most pleased with you.
You were a hulking beast.
You visited 1 branch You collected 1764 gold pieces.

Inventory:

Hand Weapons
 g - a +2 scimitar of flaming
Jewellery
 l - a +2 ring of protection (left tentacle)
 m - a +3 ring of strength (right tentacle)
Talismans
 b - a beast talisman (active)
Wands
 k - a wand of iceblast (5)
Scrolls
 h - a scroll of blinking
 j - 2 scrolls of amnesia
 p - 2 scrolls of identify
 q - 2 scrolls of fear
 r - 2 scrolls of enchant weapon
Potions
 a - a potion of lignification
 c - a potion of invisibility
 d - 5 potions of heal wounds
 e - a potion of haste
 f - 4 potions of magic
 i - 5 potions of curing
 n - 2 potions of brilliance
 o - a potion of mutation


   Skills:
 + Level 3.8 Fighting
 + Level 7.3 Dodging
 + Level 1.7 Stealth
 + Level 17.4 Unarmed Combat
 - Level 5.1 Evocations
 - Level 13.3 Shapeshifting


You had 9 spell levels left.
You didn't know any spells.
Your spell library was empty.

Dungeon Overview and Level Annotations

Branches:
Dungeon (1/1)

Altars:
Cheibriados
Dithmenos
Elyvilon
Fedhas
Gozag
Hepliaklqana
Kikubaaqudgha
Makhleb
Nemelex Xobeh
Okawaru
Qazlal
Ru
Sif Muna
Trog
Uskayaw
Vehumet
Wu Jian
Xom
Yredelemnul
Zin
The Shining One
Jiyva
Lugonu


Innate Abilities, Weirdness & Mutations

You are a hulking beast.
Your limbs bulge with bestial killing power. (Slay +7)
You are immune to poison.
You cannot wear most types of armour.
You are amphibious.
You can wear up to eight rings at the same time.
Your skin changes colour to match your surroundings (Stealth+).
Your rubbery body absorbs attacks. (AC +1, EV +1)
((You are camouflaged when in or above water. (Stealth+)))
You have tentacles for arms and can constrict up to eight enemies at once.


Message History

The elephant tramples you.
You stumble backwards!
You completely miss the elephant.
The elephant is almost dead.
You tentacle-slap the elephant.
You kill the elephant!
The water moccasin is no longer distracted by gold.
The komodo dragon is no longer distracted by gold.
The catoblepas barely misses you.
The water moccasin is distracted by your dazzling golden aura.
You see here 360 gold pieces.
The water moccasin hisses angrily.
You bludgeon the catoblepas! You tentacle-slap the catoblepas!
The catoblepas is moderately wounded.
The catoblepas breathes a plume of calcifying dust at you.
The blast of calcifying dust hits you.
You bludgeon the catoblepas!
The catoblepas is heavily wounded.
You are engulfed in calcifying dust.
You are slowing down.
The catoblepas breathes a plume of calcifying dust at you.
The blast of calcifying dust hits you!
You bludgeon the catoblepas! You tentacle-slap the catoblepas.
You squeeze the catoblepas!
The catoblepas is severely wounded.
You are engulfed in calcifying dust.
Your limbs have turned to stone.
You have turned to stone.
You are engulfed in calcifying dust.
The catoblepas gores you!!
You are engulfed in calcifying dust.
The catoblepas gores you but does no damage.
The water moccasin is no longer distracted by gold.
The catoblepas gores you!! The catoblepas gores you! The catoblepas gores you.
The catoblepas gores you!
* * * LOW HITPOINT WARNING * * *
The catoblepas gores you!
* * * LOW HITPOINT WARNING * * *
The catoblepas gores you!!
You die...
Your body crumbles into a pile of gold. $ $$$$$ $$$$$$$$$$$$ $$$$$$$$$$$

▓▓▓▓▓▓▓▓▓▓▓▓▓▓▓▓▓▓▓▓▓▓▓▓▓
....SSlYh'.........'.....
▓▓▓▓▓▓▓▓▓▓▓▓▓▓▓▓▓▓▓▓▓▓▓▓▓▓▓▓▓▓▓▓▓
.................................
▓▓▓▓▓▓▓▓▓▓▓▓▓▓▓▓▓▓▓▓▓▓▓▓▓▓▓▓▓▓▓▓▓
[)[.)..'________________________'
▓▓▓▓▓▓▓▓▓▓▓▓▓▓▓▓▓▓▓▓▓▓▓▓▓▓▓▓▓▓▓▓▓


You could see a catoblepas, a komodo dragon and 2 water moccasins.

Vanquished Creatures
  A centaur warrior (D)
  2 two-headed ogres (D)
  A black mamba (D)
  An elephant (D)
  3 cane toads (D)
  An efreet (D)
  A polar bear (D)
  A troll (D)
  2 yaks (D)
  A basilisk (D)
  A vampire mosquito (D)
  4 water moccasins (D)
  2 orc warriors (D)
  A black bear (D)
  A bullfrog (D)
  A howler monkey (D)
  A jelly (D)
  2 orc wizards (D)
  An adder (D)
  An ufetubus (D)
  An orc (D)
  A goblin (D)
  A ball python (D)
  A bat (D)
  2 kobolds (D)
35 creatures vanquished.

Vanquished Creatures (others)
  A manticore (D)
1 creature vanquished.

Grand Total: 36 creatures vanquished

Notes
Turn   | Place    | Note
-------+----------+-------------------------------------------
     0 | D        | rocky1 the Octopode Shapeshifter began the quest for the
                  | Orb.
     0 | D        | Reached XP level 1. HP: 13/13 MP: 1/1
    18 | D        | Noticed an orc wizard
    18 | D        | Noticed a jelly
    21 | D        | Reached skill level 4 in Unarmed Combat
    21 | D        | Reached XP level 2. HP: 14/18 MP: 2/2
    23 | D        | Reached skill level 5 in Unarmed Combat
    23 | D        | Reached skill level 5 in Shapeshifting
    23 | D        | Reached XP level 3. HP: 2/23 MP: 3/3
    29 | D        | Reached XP level 4. HP: 20/28 MP: 4/4
    67 | D        | Found a snail-covered altar of Cheibriados.
    67 | D        | Found a shadowy altar of Dithmenos.
    67 | D        | Found a white marble altar of Elyvilon.
    67 | D        | Found a blossoming altar of Fedhas.
    67 | D        | Found an opulent altar of Gozag.
    68 | D        | Found a hazy altar of Hepliaklqana.
    69 | D        | Found a viscous altar of Jiyva.
    70 | D        | Found an ancient bone altar of Kikubaaqudgha.
    71 | D        | Found a corrupted altar of Lugonu.
    72 | D        | Found a burning altar of Makhleb.
    73 | D        | Found a sparkling altar of Nemelex Xobeh.
    74 | D        | Found an iron altar of Okawaru.
    75 | D        | Became a worshipper of Gozag Ym Sagoz the Greedy
    76 | D        | Found a stormy altar of Qazlal.
    77 | D        | Found a sacrificial altar of Ru.
    78 | D        | Found a shimmering blue altar of Sif Muna.
    79 | D        | Found a bloodstained altar of Trog.
    80 | D        | Found a hide-covered altar of Uskayaw.
    81 | D        | Found a radiant altar of Vehumet.
    82 | D        | Found an ornate altar of the Wu Jian Council.
    83 | D        | Found a shimmering altar of Xom.
    84 | D        | Found a basalt altar of Yredelemnul.
    85 | D        | Found a glowing silver altar of Zin.
    86 | D        | Found a glowing golden altar of the Shining One.
   224 | D        | Noticed an orc warrior
   224 | D        | Noticed an orc warrior
   224 | D        | Noticed a two-headed ogre
   224 | D        | Noticed a two-headed ogre
   227 | D        | Reached skill level 6 in Unarmed Combat
   233 | D        | Killed a two-headed ogre
   234 | D        | Reached skill level 10 in Unarmed Combat
   234 | D        | Reached skill level 10 in Shapeshifting
   234 | D        | Reached XP level 5. HP: 33/33 MP: 5/5
   234 | D        | Reached XP level 6. HP: 38/38 MP: 6/6
   234 | D        | Reached XP level 7. HP: 43/43 MP: 7/7
   234 | D        | Killed a two-headed ogre
   235 | D        | Reached skill level 5 in Dodging
   235 | D        | Reached skill level 11 in Unarmed Combat
   235 | D        | Reached XP level 8. HP: 49/49 MP: 8/8
   240 | D        | Reached skill level 12 in Unarmed Combat
   496 | D        | Noticed a manticore
   496 | D        | Noticed an efreet
   496 | D        | Noticed a centaur warrior
   496 | D        | Noticed a troll
   498 | D        | Killed a troll
   499 | D        | Reached XP level 9. HP: 54/54 MP: 9/9
   502 | D        | Killed a centaur warrior
   503 | D        | Reached skill level 13 in Unarmed Combat
   507 | D        | Killed an efreet
   508 | D        | Reached skill level 14 in Unarmed Combat
   510 | D        | Killed a manticore
   809 | D        | Noticed a cane toad
   809 | D        | Noticed a black mamba
   809 | D        | Noticed a cane toad
   810 | D        | Noticed a polar bear
   813 | D        | Killed a cane toad
   817 | D        | Reached XP level 10. HP: 48/61 MP: 10/10
  1038 | D        | Killed a black mamba
  1039 | D        | Reached skill level 15 in Unarmed Combat
  1040 | D        | Killed a cane toad
  1045 | D        | Reached skill level 16 in Unarmed Combat
  1045 | D        | Reached skill level 5 in Evocations
  1046 | D        | Reached skill level 1 in Stealth
  1440 | D        | Noticed an elephant
  1440 | D        | Noticed a cane toad
  1446 | D        | Noticed a catoblepas
  1450 | D        | Killed a cane toad
  1451 | D        | Reached skill level 17 in Unarmed Combat
  1458 | D        | Killed an elephant
  1470 | D        | Mangled by a catoblepas

Illustrated notes

Levels and vault maps discovered:
D:        linesprint [early_d, line_temple, items_1, d_10, items_2, lair_1,
          lair_end, items_3, orc_1, orc_end, items_4, d_15, swamp_1, shoals_1,
          snake_1, spider_1, d_20, vaults_1, items_5, swamp_end, shoals_end,
          snake_end, spider_end, vaults_end, d_27, items_6, zot_1, zot_end,
          crypt_end, forest_end, elf_end, slime_end, tomb_end, abyss_end,
          pan_hell_end]

Skill      XL: |  1  2  3  4  5  6  7  8  9 10 |
---------------+-------------------------------+-----
Unarmed Combat | 4 5 10 11 12 14 17 | 17.4
Shapeshifting  | 4 5 10 11 12 13 | 13.3
Dodging        | 4 5 6 7 |  7.3
Evocations     | 2 3 4 5 |  5.1
Fighting       | 2 3 |  3.8
Stealth        | 1 |  1.7

Action                     |  1- 3 |  4- 6 |  7- 9 | 10-12 || total
---------------------------+-------+-------+-------+-------++-------
  Melee: Unarmed           |    15 |     5 |    27 |    34 ||    81
         Constrict         |     3 |     1 |     4 |     7 ||    15
         Tentacles         |     2 |     2 |     9 |     8 ||    21
         Punch             |     2 |       |     3 |     7 ||    12
  Evoke: Wand              |       |     4 |     1 |       ||     5
    Use: Potion            |     2 |     1 |     1 |       ||     4
         Scroll            |       |     1 |       |       ||     1
 Armour: Skin              |       |       |     1 |     3 ||     4
  Dodge: Dodged            |     4 |     2 |     7 |    14 ||    27

Table legend: (Time is in decaauts)
 A = Elapsed time spent in this place.
 B = Non-inter-level travel time spent in this place.
 C = Inter-level travel time spent in this place.
 D = Time resting spent in this place.
 E = Time spent auto-exploring this place.
 F = Levels seen in this place.
 G = Mean time per level.
                   A        B        C        D        E       F      G
               +--------+--------+--------+--------+--------+-----+--------+
         Total |   1460 |   1460 |      0 |   1097 |      0 |   1 | 1460.0 |
       Dungeon |   1460 |   1460 |      0 |   1097 |      0 |   1 | 1460.0 |
               +--------+--------+--------+--------+--------+-----+--------+

Top non-repeatable levels by time:
       D: 1460 daAuts
